 Dungeon Crawl Stone Soup version 0.28.0-53-g5a82cb258f (webtiles) character file.

Game seed: 12572823701594843035

556 Plasmagod the Chopper (level 7, -6/61 HPs)
             Began as a Minotaur Fighter on July 23, 2022.
             Mangled by an orc warrior
             ... wielding a +0 long sword of electrocution
              (10 damage)
             ... on level 5 of the Dungeon.
             The game lasted 00:05:08 (4660 turns).

Plasmagod the Chopper (Minotaur Fighter)            Turns: 4660, Time: 00:05:08

Health: -6/61      AC:  8    Str: 21    XL:     7   Next: 8%
Magic:  6/6        EV: 10    Int:  5    God:
Gold:   105        SH:  4    Dex: 11    Spells: 6/6 levels left

rFire   . . .      SeeInvis .   q - +1 hand axe (flame)
rCold   . . .      Faith    .   c - +0 buckler
rNeg    . . .      Spirit   .   b - +0 scale mail
rPois   .          Reflect  .   e - +0 hat
rElec   .          Harm     .   (no cloak)
rCorr   .          Rampage  .   r - +0 pair of gloves
Will    .....                   (no boots)
Stlth   ..........              (no amulet)
HPRegen 0.20/turn               (no ring)
MPRegen 0.10/turn               (no ring)

@: no status effects
A: horns 2, retaliatory headbutt
a: no special abilities


You were on level 5 of the Dungeon.
You visited 1 branch of the dungeon, and saw 5 of its levels.

You collected 105 gold pieces.

Inventory:

Hand Weapons
 a - a +0 war axe
 q - a +1 hand axe of flaming (weapon)
Armour
 b - a +0 scale mail (worn)
 c - a +0 buckler (worn)
 e - a +0 hat (worn)
 r - a +0 pair of gloves (worn)
Jewellery
 s - a ring of fire
Scrolls
 f - 2 scrolls of acquirement {unknown}
 g - a scroll of enchant weapon {unknown}
 i - a scroll of noise {unknown}
 j - 3 scrolls of identify {unknown}
 k - 2 scrolls of amnesia {unknown}
 l - 3 scrolls of holy word {unknown}
 n - a scroll of torment {unknown}
 o - 2 scrolls of fog {unknown}
 p - a scroll of magic mapping {unknown}
 t - a scroll of fear {unknown}
Potions
 d - 3 potions of might
 h - 3 potions of curing {unknown}
 m - a potion of degeneration {unknown}
 u - a potion of heal wounds {unknown}


   Skills:
 + Level 5.5 Fighting
 + Level 6.1 Axes
 + Level 5.7 Armour
 + Level 1.5 Dodging
 + Level 0.4 Stealth
 + Level 4.3 Shields


You had 6 spell levels left.
You didn't know any spells.
Your spell library contained the following spells:

 Spells                   Type           Power      Damage    Failure   Level
 Magic Dart               Conj           0%         1d3       87%         1
 Searing Ray              Conj           0%         2d4       95%         2
 Gell's Gravitas          Tloc           0%         N/A       99%         3
 Lesser Beckoning         Tloc           0%         N/A       99%         3
 Teleport Other           Tloc           0%         N/A       99%         3
 Fulminant Prism          Conj/Hex       0%         3d6       100%        4


Dungeon Overview and Level Annotations

Branches:
Dungeon (5/15)
 Temple: D:4-7

Altars:

Shops:
D:4 ?   D:5 ?


Innate Abilities, Weirdness & Mutations

You have a pair of horns on your head.
You reflexively headbutt those who attack you in melee.


Message History

The orc wizard flickers and vanishes!
Deactivating autopickup; reactivate with Ctrl-A.
Items here: ))) [ ††.
There is a stone staircase leading up here.
You climb upwards.
Reactivating autopickup.
There is a stone staircase leading down here.
You start resting.
HP restored.
You climb downwards.
You hear the sound of rushing water.
There is an entrance to a sewer on this level.
Hurry and find it before the portal rusts away!
You hear the brisk rusting of a very distant drain.
The orc warrior hits you but does no damage.
You are electrocuted!
The orc warrior hits you with a +0 long sword of electrocution.
There is a stone staircase leading up here.
You barely miss the orc warrior.
The orc warrior hits you with a +0 long sword of electrocution!
You hit the orc warrior but do no damage.
You hit the orc. You burn the orc.
The orc warrior hits you with a +0 long sword of electrocution!
* * * LOW HITPOINT WARNING * * *
You barely miss the orc.
The orc is almost dead.
You hit the orc warrior but do no damage.
You block the orc warrior's attack. You block the orc's attack.
You barely miss the orc.
The orc is almost dead.
You hit the orc warrior. You burn the orc warrior.
The orc wizard points at you and mumbles some strange words.
The magic dart hits you!
* * * LOW HITPOINT WARNING * * *
The orc warrior hits you with a +0 long sword of electrocution.
* * * LOW HITPOINT WARNING * * *
The orc closely misses you. You furiously retaliate!
You headbutt the orc!
You kill the orc!
The orc priest begins to cast a cantrip, but forgets the words!
The orc warrior hits you with a +0 long sword of electrocution!
You die...

#.#{#.#.#.#.#... #
#.#.#.#.#.# ..#
##...#...#.###.
#...#...##...#
#.o.#...#....#
######o#.#.#.....#
...##.#.#.#....#.
#####.##.#.#.#...###
#.o@o.o.#...#.###.#.
#.#)#.#.#...##...#..
# #.#.#.#...#....#..
#.#.#.##.#.....#..
#.#.#..#.#....#.##
..#.#.##.#...####
..#.#.###.####
..#.#.# ##


You could see an orc warrior, an orc priest and an orc wizard.

Vanquished Creatures
  An ogre (D:4)
  A black bear (D:4)
  A necrophage (D:5)
  A water moccasin zombie (D:5)
  An orc priest (D:3)
  A bullfrog zombie (D:5)
  An iguana (D:5)
  An orc wizard (D:3)
  A howler monkey skeleton (D:4)
  4 adders
  An ufetubus (D:5)
  A worm (D:4)
  A dart slug (D:4)
  13 orcs
  4 bats
  4 endoplasms
  A giant cockroach (D:1)
  5 goblins
  12 hobgoblins
  3 kobolds
  A quokka (D:4)
  5 ball pythons
  A frilled lizard (D:3)
  6 rats
71 creatures vanquished.

Vanquished Creatures (others)
  12 fungi (D:5)
  A plant (D:1)
13 creatures vanquished.

Grand Total: 84 creatures vanquished

Notes
Turn   | Place    | Note
-------+----------+-------------------------------------------
     0 | D:1      | Plasmagod the Minotaur Fighter began the quest for the Orb.
     0 | D:1      | Reached XP level 1. HP: 19/19 MP: 0/0
   114 | D:1      | Reached XP level 2. HP: 27/27 MP: 1/1
   237 | D:1      | Found a faded altar of an unknown god.
   789 | D:1      | HP: 1/27 [poisoned by a kobold]
  1233 | D:2      | Reached XP level 3. HP: 33/33 MP: 2/2
  2327 | D:3      | Reached skill level 3 in Axes
  2327 | D:3      | Reached XP level 4. HP: 23/41 MP: 3/3
  3038 | D:4      | Found Xuytrab's Magic Scroll Shop.
  3094 | D:4      | Noticed an ogre
  3100 | D:4      | Killed an ogre
  3101 | D:4      | Reached skill level 4 in Axes
  3101 | D:4      | Reached skill level 5 in Armour
  3101 | D:4      | Reached XP level 5. HP: 22/47 MP: 4/4
  4028 | D:4      | Noticed a black bear
  4038 | D:4      | Killed a black bear
  4039 | D:4      | Reached skill level 5 in Fighting
  4039 | D:4      | Reached skill level 5 in Axes
  4039 | D:4      | Reached skill level 1 in Dodging
  4039 | D:4      | Reached XP level 6. HP: 41/56 MP: 5/5
  4209 | D:5      | Entered Level 5 of the Dungeon
  4286 | D:5      | Reached skill level 6 in Axes
  4286 | D:5      | Reached XP level 7. HP: 21/61 MP: 6/6
  4316 | D:5      | Found Intyf's Magic Scroll Shop.
  4362 | D:5      | HP: 2/61 [orc wizard/puff of flame (10)]
  4660 | D:5      | Mangled by an orc warrior

Illustrated notes

Levels and vault maps discovered:
D:1:      minmay_arrival_shoal_huts, layout_loops_cross,
          chequers_ecumenical_altar_island, chequers_serial_rivers_marsh,
          serial_bayou_ford_a
D:2:      layout_loops_corners
D:3:      layout_basic
D:4:      black_bear_nest_2, layout_basic, serial_shops, shop
D:5:      nicolae_BIG_FREAKIN_CUBE, layout_basic,
          eat_drink_and_be_merry_uskayaw, marbit_many_paths, serial_shops,
          nicolae_diamond_shop, portal_sewer_entry_a, serial_aquarium,
          aquarium_bridge_island_small [aquarium_subvault_small_open,
          aquarium_subvault_bridge, aquarium_subvault_window,
          aquarium_subvault_wall, aquarium_subvault_wall], aquarium_window_1,
          aquarium_window_fake, aquarium_window_1, aquarium_window_corner,
          aquarium_view_2f, dk_noncrumbling_3, guppyfry_early_orc_mine

Skill      XL: |  1  2  3  4  5  6 |
---------------+-------------------+-----
Shields        | 4 |  4.3
Fighting       | 4 5 |  5.5
Armour         | 4 5 |  5.7
Axes           | 3 4 5 6 |  6.1
Dodging        | 1 |  1.5
Stealth        | |  0.4

Action                   |  1- 3 |  4- 6 |  7- 9 || total
-------------------------+-------+-------+-------++-------
Melee: War axe           |    72 |     3 |       ||    75
       Headbutt          |     3 |    23 |     3 ||    29
       Hand axe          |       |    79 |    17 ||    96
Armor: Scale mail        |    29 |    26 |     4 ||    59
Dodge: Dodged            |    35 |    35 |     4 ||    74
Block: Buckler           |    14 |    11 |     4 ||    29
